 Dungeon Crawl Stone Soup version 0.24.0 (webtiles) character file.

Game seed: 1420985165118426399, levelgen mode: deterministic

139605 Buugeng the Peltast (level 16, -9/219 HPs)
             Began as a Minotaur Fighter on Apr 14, 2020.
             Was the Champion of Okawaru.
             Splashed by an acid blob's acid (12 damage)
             ... on level 3 of the Pits of Slime on Apr 15, 2020.
             The game lasted 03:04:46 (26657 turns).

Buugeng the Peltast (Minotaur Fighter)             Turns: 26657, Time: 03:04:47

Health: -9/219     AC: 12    Str: 28    XL:     16   Next: 44%
Magic:  11/11      EV:  2    Int:  8    God:    Okawaru [******]
Gold:   1806       SH: 16    Dex: 14    Spells: 15/15 levels left

rFire    + . .     SeeInvis .   w - +10 short sword "Vuoff" {drain, Int+3}
rCold    . . .     Gourm    +   c - +0 shield
rNeg     + + +     Faith    .   (armour currently unavailable)
rPois    +         Spirit   .   (helmet currently unavailable)
rElec    .         Reflect  .   (cloak currently unavailable)
rCorr    .         Harm     .   (gloves currently unavailable)
MR       +....     NoTele   +   (boots currently unavailable)
Stlth    +++.......             N - amulet "Cewkatse" {Gourm rF+ rN+}
HPRegen  0.46/turn              F - +3 ring of dexterity
MPRegen  0.12/turn              T - +5 ring of strength

@: tree-form, corroded
A: (retaliatory headbutt), blurry vision 1, low mp 2, weak 2
}: 1/15 runes: barnacled
a: Heroism, Finesse, Renounce Religion


You were on level 3 of the Pits of Slime.
You worshipped Okawaru.
Okawaru was exalted by your worship.
You were not hungry.
You were a tree.
You visited 5 branches of the dungeon, and saw 27 of its levels.
You also visited: Sewer.

You collected 1878 gold pieces.
You spent 72 gold pieces at shops.

Inventory:

Hand Weapons
 w - the +10 short sword "Vuoff" (weapon) {drain, Int+3}
   (You took it off a big kobold on level 7 of the Dungeon)

   A truly terrible weapon, it drains the life of those it strikes.
   It affects your intelligence (+3).
 R - a +2 shortbow of flaming
Missiles
 U - 8 large rocks
 Y - 112 arrows
Armour
 a - a +2 hat (melded)
 c - a +0 shield (worn)
 j - a +2 cloak of magic resistance (melded)
 n - +1 shadow dragon scales (melded)
 r - a +1 pair of gloves of archery (melded)
 z - a +2 pair of boots of running
 W - the +2 pair of boots of the Assassin (melded) {Detection Stab+ Stlth++}
   (You found it on level 12 of the Dungeon)

   It makes you much more stealthy.
Jewellery
 g - an uncursed amulet of guardian spirit
 q - an uncursed ring of ice
 F - a +3 ring of dexterity (left branch)
 N - the amulet "Cewkatse" (around neck) {Gourm rF+ rN+}
   (You acquired it on level 4 of the Lair of Beasts)

   [amulet of the gourmand]

   It allows you to eat raw meat even when not hungry.
   It protects you from fire.
   It protects you from negative energy.
 S - an uncursed ring of ice
 T - a +5 ring of strength (right branch)
 V - an uncursed ring of fire
Wands
 k - a wand of paralysis (46)
 l - a wand of polymorph (11)
 m - a wand of clouds (5)
 p - a wand of scattershot (2)
 y - a wand of acid (12)
 I - a wand of enslavement (6)
 M - a wand of flame (43)
 X - a wand of digging (5)
Scrolls
 b - 4 scrolls of blinking
 o - 3 scrolls of magic mapping
 t - a scroll of acquirement
 u - 19 scrolls of teleportation
 A - 2 scrolls of amnesia
 C - 6 scrolls of fog
 D - a scroll of enchant weapon
 J - a scroll of enchant armour
 K - 3 scrolls of identify
 O - a scroll of fear
 P - 9 scrolls of remove curse
Potions
 d - 6 potions of might
 e - 5 potions of flight
 h - 10 potions of curing
 s - 8 potions of brilliance
 x - 2 potions of magic
 B - 4 potions of agility
 H - a potion of lignification
 L - a potion of cancellation
Miscellaneous
 i - a fan of gales
 v - a lightning rod (4/4)
 E - 4 sacks of spiders
 G - a fan of gales
Comestibles
 f - 33 rations


   Skills:
 + Level 14.2 Fighting
 - Level 12.0 Short Blades
   Level 14.0 Maces & Flails
   Level 6.4 Polearms
 + Level 0.4 Throwing
 + Level 16.9 Armour
 + Level 6.4 Dodging
 + Level 5.5 Stealth
 + Level 18.9 Shields


You had 15 spell levels left.
You didn't know any spells.
Your spell library contained the following spells:

 Spells                   Type           Power        Failure   Level  Hunger
 Corona                   Hex            #......      41%         1    ##.....
 Magic Dart               Conj           #...         41%         1    ##.....
 Ensorcelled Hibernation  Hex/Ice        #.....       54%         2    ###....
 Searing Ray              Conj           #.....       54%         2    ###....
 Confuse                  Hex            #.......     78%         3    ####...
 Dazzling Spray           Conj/Hex       #.....       78%         3    ####...
 Tukima's Dance           Hex            #.......     78%         3    ####...
 Force Lance              Conj/Tloc      #.......     99%         4    #####..
 Fulminant Prism          Conj/Hex       #.........   99%         4    #####..
 Iskenderun's Mystic Bla  Conj           #.......     99%         4    #####..
 Irradiate                Conj/Tmut      #.........   100%        5    ######.
 Hydra Form               Tmut           #.........   100%        6    #######
 Statue Form              Tmut/Erth      #........    100%        6    #######
 Dragon Form              Tmut           #.........   100%        7    #######


Dungeon Overview and Level Annotations

Branches:
Dungeon (13/15)            Temple (1/1) D:7            Lair (6/6) D:8
 Shoals (4/4) Lair:4       Spider (0/4) Lair:4        Slime (3/5) Lair:5
    Orc (0/2) D:11         Vaults (0/5) D:13          Sewer (visited)

Altars:
Ashenzari
Dithmenos
Elyvilon
Fedhas
Gozag
Hepliaklqana
Kikubaaqudgha
Makhleb
Nemelex Xobeh
Okawaru
Ru
Sif Muna
Trog
Uskayaw
Vehumet
Wu Jian
Xom
Yredelemnul
The Shining One
Jiyva
Lugonu

Shops:
D:12 *

Portals:
Abyss: D:1

Annotations:
Lair:2 exclusion: 2 oklob plants


Innate Abilities, Weirdness & Mutations

((You reflexively headbutt those who attack you in melee.))
((You have a pair of horns on your head.))
Scrolls take you a little longer to read.
((Armour fits poorly on your strangely shaped body.))
Your magical capacity is very low. (-20% MP)
You are very weak. (Str -4)


Message History

Really quaff the potion of lignification?
You turn into a tree.
Your +2 cloak of magic resistance melds into your body.
Your +2 hat melds into your body.
Your +1 pair of gloves of archery melds into your body.
The +2 pair of boots of the Assassin {Detection Stab+ Stlth++} melds into your body.
Your +1 shadow dragon scales melds into your body.
You feel less resistant to hostile enchantments.
Your aim is not that steady anymore.
Your roots penetrate the ground.
You block the acid blob's attack. You block the acid blob's attack.
The acid blob hits you.
* * * LOW HITPOINT WARNING * * *
You are splashed with acid!
* * * LOW HITPOINT WARNING * * *
The acid blob spits acid at you. The splash of acid hits you.
* * * LOW HITPOINT WARNING * * *
You are splashed with acid!
You die...

##.# .## ...# #...#
### #..## .#..##
##.###...# ......
#...##..###......
##........#.......
#.................
##.....#...♣J......
#..............###.
...#...<........#..#
......................
.<....................
..................#...
#............#...#....
.........>...........
.....................


You could see an acid blob.

Vanquished Creatures
  Mara (Shoals:2)
  Bai Suzhen (Shoals:3)
  Gastronok (Lair:2)
  3 azure jellies (Slime:2)
  2 merfolk javelineers (Shoals:4)
  6 merfolk impalers
  Josephine (D:11)
  5 hydras
  3 merfolk avatars
  A catoblepas (Lair:6)
  A centaur warrior (D:13)
  4 merfolk aquamancers
  6 two-headed ogres
  A death yak (Lair:3)
  An ogre mage (D:13)
  Nergalle (Lair:1)
  15 sea snakes
  A glowing orange brain (Slime:2)
  An unseen horror (D:11)
  An orc knight (D:13)
  14 harpies
  24 fauns
  An ugly thing (D:12)
  3 shining eyes (Slime:2)
  8 manticores
  The ghost of vykuza the Covered, a novice HOFi of Hepliaklqana (D:7)
  3 cyclopes
  Joseph (D:8)
  6 merfolk sirens
  3 black mambas
  3 eyes of devastation
  5 elephants
  Psyche (D:8)
  A torpor snail (Lair:6)
  4 water nymphs
  A gargoyle (D:13)
  11 komodo dragons
  8 spiny frogs
  2 kobold demonologists
  5 rime drakes
  3 polar bears
  3 wind drakes
  3 trolls
  3 jumping spiders (Lair:4)
  2 hornets (Lair:6)
  18 slime creatures
  Grinder (D:4)
  21 merfolk
  25 dream sheep
  6 blink frogs
  12 hippogriffs
  10 snapping turtles
  Sigmund (D:2)
  3 wyverns
  A redback (Lair:4)
  10 water elementals
  40 yaks
  5 wraiths (D:11)
  4 golden eyes (Slime:2)
  Grum (D:11)
  4 basilisks
  6 vampire mosquitoes
  Edmund (D:4)
  An acid dragon (D:11)
  14 water moccasins
  6 porcupines
  2 sky beasts
  5 ice beasts
  10 orc warriors
  2 black bears
  3 eyes of draining
  4 phantoms
  7 wolves
  11 ogres
  A boggart (D:13)
  11 centaurs
  10 crocodiles
  19 big kobolds
  6 bullfrogs
  2 scorpions
  14 killer bees
  13 wights
  14 howler monkeys
  An electric eel (D:9)
  10 crimson imps
  2 centaur zombies
  A bullfrog zombie (D:12)
  9 hounds
  8 jellies
  3 bullfrog skeletons
  7 orc priests
  2 centaur skeletons
  4 iguanas
  9 orc wizards
  7 hell rats
  12 worker ants
  A killer bee zombie (D:7)
  2 hound skeletons
  A howler monkey zombie (D:11)
  3 gnolls (D:5)
  17 adders
  11 river rats
  A shadow imp (D:9)
  2 oozes (D:2)
  2 adder zombies
  An adder skeleton (D:4)
  5 worms
  5 leopard geckos
  29 orcs
  5 bats
  3 giant cockroaches
  9 goblins
  4 hobgoblins
  10 jackals
  48 kobolds
  4 quokkas
  9 ball pythons
  A ball python zombie (D:5)
  6 frilled lizards
  A goblin skeleton (D:7)
  3 hobgoblin zombies (D:7)
  2 kobold zombies (D:7)
  A leopard gecko skeleton (D:4)
  A leopard gecko zombie (D:6)
  An orc skeleton (D:7)
  An orc zombie (D:7)
  A quokka zombie (D:8)
  36 rats
  A butterfly (D:7)
  A fungus (Lair:3)
  10 plants
812 creatures vanquished.

Vanquished Creatures (others)
  12 fungi
  57 plants
69 creatures vanquished.

Grand Total: 881 creatures vanquished

Notes
Turn   | Place    | Note
-------+----------+-------------------------------------------
     0 | D:1      | Buugeng the Minotaur Fighter began the quest for the Orb.
     0 | D:1      | Reached XP level 1. HP: 19/19 MP: 0/0
    59 | D:1      | Found a corrupted altar of Lugonu.
    59 | D:1      | Found a one-way gate to the infinite horrors of the Abyss.
    59 | D:1      | Noticed a quasit
    59 | D:1      | Noticed a demonic crawler
    59 | D:1      | Noticed a quasit
    60 | D:1      | Noticed a quasit
    60 | D:1      | Noticed a quasit
    63 | D:1      | Noticed a demonic crawler
    66 | D:1      | Noticed a demonic crawler
   322 | D:1      | Reached XP level 2. HP: 19/27 MP: 1/1
   704 | D:2      | Reached XP level 3. HP: 33/33 MP: 2/2
   704 | D:2      | Noticed Sigmund
   726 | D:2      | Killed Sigmund
   726 | D:2      | Reached skill level 1 in Dodging
   726 | D:2      | Reached skill level 4 in Shields
   726 | D:2      | Reached XP level 4. HP: 16/41 MP: 3/3
   726 | D:2      | Reached XP level 5. HP: 19/47 MP: 4/4
   853 | D:2      | Reached skill level 5 in Armour
  1188 | D:2      | You fall into a shaft and drop 2 floors!
  1225 | D:3      | Found a glowing drain.
  1228 | D:3      | Reached skill level 5 in Shields
  1241 | Sewer    | Entered a sewer
  1397 | Sewer    | Reached XP level 6. HP: 42/53 MP: 5/5
  1858 | D:3      | Found a faded altar of an unknown god.
  1957 | D:3      | Reached skill level 6 in Shields
  2215 | D:4      | Noticed Grinder
  2229 | D:4      | Killed Grinder
  2229 | D:4      | Reached skill level 5 in Fighting
  2229 | D:4      | Reached skill level 5 in Polearms
  2229 | D:4      | Reached XP level 7. HP: 51/61 MP: 6/6
  2294 | D:4      | Noticed Edmund
  2322 | D:4      | Killed Edmund
  2533 | D:4      | Reached skill level 7 in Shields
  2730 | D:4      | Reached skill level 1 in Maces & Flails
  2730 | D:4      | Reached XP level 8. HP: 63/68 MP: 7/7
  2971 | D:4      | You fall into a shaft and drop 2 floors!
  3143 | D:5      | Entered Level 5 of the Dungeon
  3802 | D:5      | Found a sparkling altar of Nemelex Xobeh.
  4111 | D:5      | Found a blossoming altar of Fedhas.
  4334 | D:6      | Reached skill level 5 in Maces & Flails
  4431 | D:6      | Noticed a moth of wrath
  4434 | D:6      | Found a bloodstained altar of Trog.
  4663 | D:6      | Reached skill level 8 in Shields
  4681 | D:6      | Reached XP level 9. HP: 76/78 MP: 8/8
  4819 | D:7      | Found a glowing golden altar of the Shining One.
  4870 | D:7      | Found a staircase to the Ecumenical Temple.
  4918 | Temple   | Entered the Ecumenical Temple
  5044 | Temple   | Became a worshipper of Warmaster Okawaru
  5112 | D:7      | Found a hide-covered altar of Uskayaw.
  5969 | D:7      | Found a runed translucent gate.
  5969 | D:7      | Found a runed translucent gate.
  5969 | D:7      | Found a runed translucent gate.
  5971 | D:7      | Noticed vykuza's ghost (novice HOFi)
  5973 | D:7      | Identified the +10 short sword "Vuoff" {drain, Int+3}
  5999 | D:7      | Reached * piety under Okawaru
  6357 | D:8      | Reached skill level 9 in Shields
  6379 | D:8      | Reached skill level 10 in Shields
  6541 | D:8      | Noticed a two-headed hydra
  6546 | D:8      | Killed a two-headed hydra
  6546 | D:8      | Reached ** piety under Okawaru
  6546 | D:8      | Reached XP level 10. HP: 81/88 MP: 7/9
  6661 | D:8      | Found a radiant altar of Vehumet.
  6740 | D:8      | Noticed Joseph
  6752 | D:8      | Killed Joseph
  6862 | D:8      | Noticed an eight-headed hydra
  6871 | D:8      | Killed an eight-headed hydra
  7111 | D:8      | Noticed Psyche
  7116 | D:8      | Killed Psyche
  7116 | D:8      | Reached *** piety under Okawaru
  7116 | D:8      | Reached skill level 10 in Maces & Flails
  7233 | D:8      | Found a staircase to the Lair.
  7251 | D:8      | Reached skill level 11 in Shields
  7559 | D:9      | Noticed a two-headed ogre
  7786 | D:8      | Killed a two-headed ogre
  7786 | D:8      | Reached **** piety under Okawaru
  7786 | D:8      | Reached XP level 11. HP: 26/95 MP: 1/10
  9238 | D:10     | Entered Level 10 of the Dungeon
  9297 | D:10     | Noticed a two-headed ogre
  9314 | D:10     | Killed a two-headed ogre
  9314 | D:10     | Reached ***** piety under Okawaru
  9568 | D:10     | Noticed a two-headed ogre
  9574 | D:10     | Reached skill level 12 in Shields
  9590 | D:10     | Killed a two-headed ogre
  9590 | D:10     | Reached skill level 1 in Stealth
  9997 | D:10     | Reached skill level 10 in Armour
 10356 | D:10     | You fall into a shaft and drop 3 floors!
 10367 | D:13     | Noticed a four-headed hydra
 10371 | D:13     | Killed a four-headed hydra
 10398 | D:12     | Found the +2 pair of boots of the Assassin {Detection Stab+
                  | Stlth++}
 10675 | D:12     | Received a gift from Okawaru
 10793 | D:12     | Identified a scroll of acquirement
 10958 | D:12     | Noticed a purple ugly thing
 10970 | D:12     | Killed a purple ugly thing
 10993 | D:12     | Found Cykhleb's General Store.
 11002 | D:12     | Bought a scroll of identify for 36 gold pieces
 11002 | D:12     | Bought a scroll of identify for 36 gold pieces
 11048 | D:13     | Noticed a two-headed ogre
 11048 | D:13     | Noticed a two-headed ogre
 11062 | D:13     | Killed a two-headed ogre
 11062 | D:13     | Reached XP level 12. HP: 85/106 MP: 9/11
 11064 | D:13     | Killed a two-headed ogre
 11485 | D:13     | Noticed an ogre mage
 11509 | D:13     | Killed an ogre mage
 11509 | D:13     | Reached skill level 10 in Fighting
 11517 | D:13     | Reached ****** piety under Okawaru
 11527 | D:13     | Noticed a centaur warrior
 11534 | D:13     | Killed a centaur warrior
 11563 | D:13     | Found a gate to the Vaults.
 11587 | D:13     | Got a translucent chain mail
 12098 | D:13     | Reached skill level 13 in Shields
 12457 | D:11     | Noticed a two-headed ogre
 12468 | D:11     | Killed a two-headed ogre
 12486 | D:11     | Noticed Grum
 12502 | D:11     | Killed Grum
 12504 | D:11     | Received a gift from Okawaru
 12642 | D:11     | Found a shimmering altar of Xom.
 12875 | D:11     | Found a staircase to the Orcish Mines.
 12900 | D:11     | Noticed Josephine
 12917 | D:11     | Killed Josephine
 13199 | D:9      | Reached XP level 13. HP: 116/116 MP: 12/12
 13351 | D:7      | Killed vykuza's ghost
 14037 | Lair:1   | Entered Level 1 of the Lair of Beasts
 14148 | Lair:1   | Reached skill level 14 in Shields
 14253 | Lair:1   | Reached skill level 1 in Short Blades
 14687 | Lair:2   | Noticed Nergalle
 14687 | Lair:2   | Noticed Gastronok
 14704 | Lair:1   | Killed Nergalle
 14737 | Lair:2   | Killed Gastronok
 15078 | Lair:2   | Found a blossoming altar of Fedhas.
 15471 | Lair:3   | Received a gift from Okawaru
 15755 | Lair:3   | Reached skill level 5 in Short Blades
 16527 | Lair:4   | Found a staircase to the Shoals.
 16780 | Lair:4   | Found a hole to the Spider Nest.
 16793 | Lair:4   | Received a gift from Okawaru
 17349 | Lair:5   | Found a staircase to the Slime Pits.
 17349 | Lair:5   | Found a viscous altar of Jiyva.
 17455 | Lair:5   | Reached XP level 14. HP: 126/126 MP: 13/13
 17864 | Lair:6   | Entered Level 6 of the Lair of Beasts
 17881 | Lair:6   | Reached skill level 15 in Shields
 18034 | Lair:6   | Received a gift from Okawaru
 18039 | Lair:6   | Got a pair of shimmering boots {god gift}
 19122 | Lair:6   | Identified the +1 pair of boots of the Planets {rF- Regen+
                  | Dex+3} (Okawaru gifted it to you on level 6 of the Lair of
                  | Beasts)
 19465 | Shoals:1 | Entered Level 1 of the Shoals
 19487 | Shoals:1 | Reached skill level 15 in Armour
 20195 | Shoals:1 | Reached skill level 16 in Shields
 20220 | Shoals:1 | Received a gift from Okawaru
 20396 | Shoals:2 | Reached skill level 10 in Short Blades
 20865 | Shoals:2 | Reached XP level 15. HP: 104/134 MP: 10/14
 20866 | Shoals:2 | Reached skill level 5 in Dodging
 22023 | Shoals:3 | Received a gift from Okawaru
 22032 | Shoals:3 | Got a crystal arbalest {god gift}
 22167 | Shoals:3 | Noticed Bai Suzhen
 22229 | Shoals:3 | Killed Bai Suzhen
 22229 | Shoals:3 | Reached skill level 17 in Shields
 22237 | Shoals:3 | Noticed Mara
 22255 | Shoals:3 | Noticed Buugeng's illusion
 22272 | Shoals:2 | Noticed Buugeng's illusion
 22285 | Shoals:2 | Killed Mara
 22825 | Shoals:4 | Entered Level 4 of the Shoals
 23657 | Shoals:3 | Received a gift from Okawaru
 24137 | Shoals:4 | Identified the +8 hand crossbow of the Establishment
                  | {freeze, rPois Str+3}
 24341 | Shoals:4 | Reached skill level 18 in Shields
 24435 | Shoals:4 | Reached skill level 5 in Stealth
 24526 | Shoals:4 | Reached XP level 16. HP: 118/145 MP: 15/15
 24621 | Shoals:4 | Received a gift from Okawaru
 25002 | Shoals:4 | Got a barnacled rune of Zot
 25472 | Lair:4   | Got a vibrating lead amulet
 25474 | Lair:4   | Identified the amulet "Cewkatse" {Gourm rF+ rN+} (You
                  | acquired it on level 4 of the Lair of Beasts)
 25532 | Slime:1  | Entered Level 1 of the Pits of Slime
 25617 | Slime:2  | Gained mutation: Your magical capacity is low. (-10% MP) [a
                  | shining eye]
 25618 | Slime:2  | Gained mutation: Armour fits poorly on your strangely
                  | shaped body. [a shining eye]
 25628 | Slime:2  | Gained mutation: You are weak. (Str -2) [a shining eye]
 25630 | Slime:2  | Gained mutation: You are very weak. (Str -4) [a shining
                  | eye]
 25640 | Slime:2  | Gained mutation: Scrolls take you a little longer to read.
                  | [a shining eye]
 25986 | Slime:1  | Noticed an acid blob
 25987 | Slime:1  | Gained mutation: Your magical capacity is very low. (-20%
                  | MP) [a shining eye]
 26430 | Slime:2  | Received a gift from Okawaru
 26436 | Slime:2  | Identified a +2 pair of boots of running (Okawaru gifted it
                  | to you on level 2 of the Pits of Slime)
 26638 | Slime:3  | Noticed an acid blob
 26657 | Slime:3  | HP: 5/219 [acid (8)]
 26657 | Slime:3  | Splashed by an acid blob's acid

Levels and vault maps discovered:
D:1:      erik_arrival_cave_to_civilisation [erik_arrival_cave_to_temple],
          layout_rooms
D:2:      layout_rooms, uniq_sigmund
D:3:      layout_basic, chequers_ecumenical_altar_island, portal_sewer_entry_f,
          uniq_ijyb, uniq_natasha
D:4:      layout_basic, first_ration, uniq_grinder, uniq_edmund
D:5:      layout_rooms, old_standard_altar, old_standard_altar,
          chequers_serial_rivers_room_a, minmay_misc_feat_x
D:6:      layout_loops_ring, hangedman_decor_push, minmay_misc_feat_alley,
          tgw_trog
D:7:      kennysheep_kobold_camp, layout_loops_cross,
          nicolae_tso_besieged_by_evil, minmay_temple_entry_butterflies,
          basic_altar, gammafunk_ghost_nasty_kobolds
D:8:      layout_basic, vehumet_crystals, lair_entry_dummy, hangedman_ranch
          [blue_anna_fruit_fields], uniq_psyche, uniq_joseph
D:9:      cheibrodos_helix_gallery, layout_long_grid
D:10:     layout_basic, moated_statue
D:11:     layout_loops_corners, erik_orc_3, basic_altar, uniq_grum,
          uniq_josephine, uniq_snorg
D:12:     lemuel_ice_spiral_2, layout_basic, serial_shops, nicolae_shop_stone
D:13:     layout_basic, hangedman_vaults_entry_quadrant_bands, enter_bailey_1,
          hangedman_decor_riveting
Temple:   dpeg_five_rooms_temple
Lair:1:   layout_roguey, kennysheep_abandoned_house
Lair:2:   layout_cave_shapes, tgw_fedhas, grunt_megastairs_5,
          serial_bayou_shore_b, minmay_lair_oklob_chamber, uniq_nergalle,
          uniq_gastronok
Lair:3:   layout_misc_corridors, minmay_shattered_shrine, grunt_megastairs_4
Lair:4:   layout_loops_ring, minmay_shoals_entry_centaurs,
          spider_nest_entry_funnel_web, grunt_megastairs_2
Lair:5:   layout_gridlike, slime_altar_1, chequers_serial_rivers_small_b,
          minivault_25, grunt_megastairs_3, serial_bayou_shore_b
Lair:6:   gammafunk_lair_ancient_temple, layout_cave_pods,
          nicolae_volcano_entry_hallway, lookout_lair_type, lemuel_fruit_tree
Shoals:1: layout_shoals
Shoals:2: layout_shoals
Shoals:3: layout_shoals, centaur_isle, uniq_bai_suzhen, uniq_mara
Shoals:4: shoals_end_grunt_garden, layout_shoals
Slime:1:  layout_caves
Slime:2:  layout_caves
Slime:3:  layout_caves
